 Dungeon Crawl Stone Soup version 0.31-a0-1-g4198be8af4 (webtiles) character file.

Game seed: 16074574645385991423

30 Jarnaxa the Trooper (level 3, -4/49 HPs)
             Began as a Draconian Berserker on May 2, 2023.
             Was a Follower of Trog.
             Slain by a gnoll sergeant
             ... wielding a +0 heavy spear
              (16 damage)
             ... on level 4 of the Dungeon.
             The game lasted 00:02:00 (1218 turns).

Jarnaxa the Trooper (Draconian Berserker)           Turns: 1218, Time: 00:02:01

Health: -4/49      AC:  5    Str: 27    XL:     3   Next: 5%
Magic:  3/3        EV: 12    Int:  7    God:    Trog [*.....]
Gold:   77         SH:  0    Dex: 12    Spells: 2/2 levels left

rFire   . . .        a - +0 hand axe
rCold   . . .        (no shield)
rNeg    . . .        (body armour unavailable)
rPois   .            (helmet restricted)
rElec   .            (no cloak)
rCorr   .            (no gloves)
SInv    +            (no boots)
Will    .....        (no amulet) Stlth
                     g - ring "Urosab" {Str+6 Dex+2 SInv}
HPRegen 0.28/turn    (no ring)
MPRegen 0.08/turn

%: no passive effects
@: berserking, very quick
A: AC +5, unfitting armour, cold-blooded
a: Renounce Religion, Berserk


You were on level 4 of the Dungeon.
You worshipped Trog.
Trog was aware of your devotion.
You visited 1 branch of the dungeon, and saw 3 of its levels.

You collected 77 gold pieces.

Inventory:

Hand Weapons
 a - a +0 hand axe (weapon)
Jewellery
 g - the ring "Urosab" (left hand) {Str+6 Dex+2 SInv}
   (You found it on level 2 of the Dungeon)

   [ring of strength]

   Str:       It affects your strength (+6).
   Dex:       It affects your dexterity (+2).
   SInv:      It lets you see invisible.
Scrolls
 b - a scroll of identify {unknown}
 c - a scroll of vulnerability {unknown}
 d - 3 scrolls of immolation {unknown}
 f - a scroll of summoning {unknown}
Potions
 e - a potion of ambrosia {unknown}
 h - a potion of mutation {unknown}


   Skills:
 + Level 3.7 Fighting
 + Level 3.5 Axes
 + Level 3.0 Dodging


You had 2 spell levels left.
You didn't know any spells.
Your spell library was empty.

Dungeon Overview and Level Annotations

Branches:
Dungeon (2/15)

Altars:

Annotations:
D:4 Ijyb


Innate Abilities, Weirdness & Mutations

Your plain brown scales are hard. (AC +5)
You cannot fit into any form of body armour.
You are cold-blooded and may be slowed by cold attacks.


Message History

Increase (S)trength, (I)ntelligence, or (D)exterity?
You feel stronger. x2; Your scales feel tougher.
You slash the jackal!
You kill the jackal!
Trog accepts your kill.
Things that are here:
a jackal corpse; a jackal corpse A gnoll sergeant and a gnoll come into view.
The gnoll sergeant is wielding a +0 heavy spear.
The gnoll is wielding a +1 halberd of protection.
The gnoll sergeant shouts!
The gnoll moves out of view.
Found an escape hatch in the ceiling.
A gnoll comes into view. It is wielding a +0 spear. x2
A gnoll comes into view. It is wielding a +0 halberd.
Ijyb the Twisted Goblin comes into view.
She is wielding a +0 club and carrying a wand of flame (9).
Ijyb shouts!
The gnoll shouts! x2
The gnoll sergeant hits you with a +0 heavy spear!!
Ouch! That really hurt!
You closely miss the gnoll sergeant. You tail-slap the gnoll sergeant.
The gnoll sergeant is lightly wounded.
The gnoll misses you.
The gnoll sergeant hits you from afar with a +0 heavy spear.
* * * LOW HITPOINT WARNING * * *
Things that are here:
a jackal corpse; a jackal corpse The gnoll sergeant completely misses you.
A hound comes into view.
The hound barks!
You hear an angry hiss.
The hound bites you but does no damage.
You closely miss the hound. The hound bites you.
The hound bites you but does no damage.
You hit the hound but do no damage.
Your tail-slap misses the hound.
The hound bites you.
The gnoll sergeant hits you from afar with a +0 heavy spear!
* * * LOW HITPOINT WARNING * * *
A red film seems to cover your vision as you go berserk!
You feel yourself moving faster!
You feel mighty! The hound completely misses you.
The gnoll sergeant hits you from afar with a +0 heavy spear!
You die...

#g# ######### #g#
#.g.ggg.# #g#
#g#####.# #.##
#g#####.#######g##
#g#.....g.ggg.#.##
#g#.###.#####.g...
#.# #.# #..... #@#
#.# ##...#
#.h.....# ##.##
###.##### #.# .#
#.# # #+#


You could see a gnoll sergeant, Ijyb, a hound and 3 gnolls.

Vanquished Creatures
  An adder (D:2)
  2 endoplasms (D:1)
  A giant cockroach (D:1)
  A goblin (D:1)
  A hobgoblin (D:1)
  3 jackals (D:4)
  4 kobolds
  2 quokkas (D:2)
  2 ball pythons
  3 rats
20 creatures vanquished.

Notes
Turn   | Place    | Note
-------+----------+-------------------------------------------
     0 | D:1      | Jarnaxa the Draconian Berserker began the quest for the
                  | Orb.
     0 | D:1      | Reached XP level 1. HP: 19/19 MP: 1/1
   639 | D:1      | Reached XP level 2. HP: 26/26 MP: 2/2
  1034 | D:2      | Found a faded altar of an unknown god.
  1053 | D:2      | Identified the ring "Urosab" {Str+6 Dex+2 SInv}
  1073 | D:2      | You fall into a shaft and drop 2 floors!
  1153 | D:4      | Reached XP level 3. HP: 29/33 MP: 3/3
  1164 | D:4      | Noticed a gnoll sergeant
  1165 | D:4      | Noticed Ijyb
  1218 | D:4      | Slain by a gnoll sergeant

Illustrated notes

Levels and vault maps discovered:
D:1:      evilmike_arrival_fibonacci_small, layout_loops_corners,
          kennysheep_nondescript
D:2:      layout_rooms, hellmonk_ecumenical_altar_run_dry
D:4:      minmay_goblin_kobold_castle, layout_loops_corners,
          chequers_temple_overflow_minitemple, uniq_ijyb

Skill      XL: |  1  2 |
---------------+-------+-----
Dodging        | 3 |  3.0
Fighting       | |  3.7
Axes           | |  3.5

Action                     || total
---------------------------++-------
  Melee: Hand axe          ||    55
         Tailslap          ||     5
 Invoke: Berserk           ||     1
 Armour: Skin              ||    15
  Dodge: Dodged            ||    34

Table legend: (Time is in decaauts)
 A = Elapsed time spent in this place.
 B = Non-inter-level travel time spent in this place.
 C = Inter-level travel time spent in this place.
 D = Time resting spent in this place.
 E = Time spent auto-exploring this place.
 F = Levels seen in this place.
 G = Mean time per level.
                   A        B        C        D        E       F      G
               +--------+--------+--------+--------+--------+-----+--------+
         Total |   1226 |   1219 |      7 |      0 |    949 |   3 |  408.7 |
       Dungeon |   1226 |   1219 |      7 |      0 |    949 |   3 |  408.7 |
               +--------+--------+--------+--------+--------+-----+--------+

Top non-repeatable levels by time:
     D:1: 943 daAuts
     D:4: 146 daAuts
     D:2: 137 daAuts
